 Dungeon Crawl Stone Soup version 0.26-a0-712-ga5a9c9c9d0 (webtiles) character file.

Game seed: 6157106503524061524

38 kae the Insei (level 3, 0/23 HPs)
             Began as an Octopode Transmuter on Nov 11, 2020.
             Slain by an adder (5 damage)
             ... on level 2 of the Dungeon.
             The game lasted 00:00:36 (1251 turns).

kae the Insei (Octopode Transmuter)                 Turns: 1251, Time: 00:00:37

Health: 0/23       AC:  1    Str: 10    XL:     3   Next: 43%
Magic:  5/6        EV: 13    Int: 15    God:
Gold:   76         SH:  0    Dex: 12    Spells: 3/7 levels left

rFire    . . .     SeeInvis .     - Unarmed
rCold    . . .     Faith    .   (no shield)
rNeg     . . .     Spirit   .   (helmet currently unavailable)
rPois    .         Reflect  .   (no amulet)
rElec    .         Harm     .   (no ring)
rCorr    .         Rampage  .   (no ring)
MR       .....                  (no ring)
Stlth    ++........             (no ring)
HPRegen  0.07/turn              (no ring)
MPRegen  0.10/turn              (no ring)
                                (no ring)
                                (no ring)

@: lethally poisoned (0 -> -11), appendages, flying, hasted, very quick
A: almost no armour, stealthy swim, amphibious, 8 rings, constrict 8, tentacle
spike 3, camouflage 1, gelatinous body 1
a: End Transformation


You were on level 2 of the Dungeon.
One of your tentacles had a temporary spike.
You visited 1 branch of the dungeon, and saw 2 of its levels.

You collected 76 gold pieces.

Inventory:

Scrolls
 b - 2 scrolls of teleportation {unknown}
 e - a scroll of fog {unknown}
 g - a scroll of magic mapping {unknown}
Potions
 d - a potion of curing {unknown}
 f - a potion of heal wounds {unknown}
 h - a potion of might {unknown}


   Skills:
 - Level 1.0 Fighting
 - Level 2.0 Dodging
 + Level 3.5 Unarmed Combat
 + Level 2.5 Spellcasting
 + Level 2.7 Transmutations


You had 3 spell levels left.
You knew the following spells:

 Your Spells              Type           Power        Failure   Level
a - Beastly Appendage     Tmut           ##....       7%          1
b - Spider Form           Tmut/Pois      #.........   36%         3

Your spell library contained the following spells:

 Spells                   Type           Power        Failure   Level
 Wereblood                Tmut           ##......     11%         2
 Ice Form                 Ice/Tmut       #.......     77%         4
 Blade Hands              Tmut           ##........   88%         5


Dungeon Overview and Level Annotations

Branches:
Dungeon (2/15)

Altars:


Innate Abilities, Weirdness & Mutations

You cannot wear most types of armour.
You are very stealthy in the water. (Stealth+)
You are amphibious.
You can wear up to eight rings at the same time.
You can use your tentacles to constrict eight enemies at once.
Your skin changes colour to match your surroundings (Stealth+).
Your rubbery body absorbs attacks. (AC +1, EV +1)
One of your tentacles bears a large vicious spike.


Message History

There is a lethal amount of poison in your body!
You are too injured to fight recklessly!
You are too injured to fight recklessly!
There is a lethal amount of poison in your body!
You are too injured to fight recklessly!
You are too injured to fight recklessly!
There is a lethal amount of poison in your body!
You are too injured to fight recklessly!
You are too injured to fight recklessly!
You are too injured to fight recklessly!
You are too injured to fight recklessly!
It was a potion of haste.
You feel yourself speed up.
You feel sick. The adder misses you. The adder bites you.
* * * LOW HITPOINT WARNING * * *
It was a potion of flight.
You feel very buoyant.
You fly up into the air.
* * * LOW HITPOINT WARNING * * *
You feel sick. The adder closely misses you. The adder bites you.
You die...

.....#.#.....#.
.....#..#######.#
...#.#..#.....#.#
.....#..#.?...#.#
.....#..#.....#.#
......#.#K..(.#.#
......S##rr...#.##
#.S@######+..#
..##............#
................#
.###+#....##+#####
.........###
.#..........#
............#
#...........#
...........#


You could see 2 adders, a kobold and 2 rats.

Vanquished Creatures
  An ooze (D:2)
  A leopard gecko (D:1)
  4 giant cockroaches
  A goblin (D:1)
  A hobgoblin (D:1)
  5 jackals (D:1)
  A quokka (D:2)
  A ball python (D:1)
  5 bats (D:1)
  4 frilled lizards
  5 kobolds
  5 rats
34 creatures vanquished.

Notes
Turn   | Place    | Note
-------+----------+-------------------------------------------
     0 | D:1      | kae the Octopode Transmuter began the quest for the Orb.
     0 | D:1      | Reached XP level 1. HP: 13/13 MP: 3/3
   192 | D:1      | Reached XP level 2. HP: 17/18 MP: 5/5
   643 | D:1      | Reached XP level 3. HP: 23/23 MP: 4/6
   715 | D:1      | Learned a level 3 spell: Spider Form
  1251 | D:2      | Slain by an adder

Illustrated notes

Levels and vault maps discovered:
D:1:      moated_graveyard_arrival, layout_rooms, minivault_14
D:2:      layout_basic, hangedman_decor_push, minmay_misc_feat_roman,
          minmay_3d_cube

Action                   || total
-------------------------++-------
Melee: Unarmed           ||    67
       Constrict         ||    15
       Kick              ||     9
       Tentacles         ||    10
       Punch             ||     5
 Cast: Beastly Appendage ||    13
  Use: Potion            ||     2
 Stab: Sleeping          ||     5
Armor: Skin              ||     9
Dodge: Dodged            ||    57

Table legend: (Time is in decaauts)
 A = Elapsed time spent in this place.
 B = Non-inter-level travel time spent in this place.
 C = Inter-level travel time spent in this place.
 D = Time resting spent in this place.
 E = Time spent auto-exploring this place.
 F = Levels seen in this place.
 G = Mean time per level.
                   A        B        C        D        E       F      G
               +--------+--------+--------+--------+--------+-----+--------+
         Total |   1246 |   1237 |      9 |      0 |   1038 |   2 |  623.0 |
       Dungeon |   1246 |   1237 |      9 |      0 |   1038 |   2 |  623.0 |
               +--------+--------+--------+--------+--------+-----+--------+

Top non-repeatable levels by time:
     D:1: 908 daAuts
     D:2: 338 daAuts
